[Event "Live Chess"]
[Site "Chess.com"]
[Date "2023.05.20"]
[Round "-"]
[White "NatashaRegan"]
[Black "ProfPoisson"]
[Result "1-0"]
[WhiteElo "1873"]
[BlackElo "1060"]
[TimeControl "300"]
[EndTime "11:09:39 PDT"]
[Termination "NatashaRegan won by checkmate"]

1. e4 e5 2. f4 d5 3. exd5 c6 4. dxc6 Nxc6 5. Nc3 Be6 6. Nf3 Bc5 7. fxe5 Nxe5 8. Qe2 Nxf3+ 9. Qxf3 Qe7 10. Be2 Nf6 11. d3 O-O 12. Bg5 Bd4 13. O-O-O Bxc3 14. bxc3 Qa3+ 15.
Kd2 Qxa2 16. Bxf6 gxf6 17. Qxf6 Qd5 18. Bf3 Qd8 19. Qh6 Kh8 20. Be4 f5 21. Bxb7 Rb8 22.
Qxe6 Qg5+ 23. Qe3 f4 24. Qf3 Rf7 25. Bd5 Re7 26. Rde1 Rbe8 27. Rxe7 Rxe7 28. Re1 Rxe1 29. Kxe1 Qe5+ 30. Qe4 Qxc3+ 31. Kd1 Qa1+ 32. Kd2 Qa5+ 33. Ke2 Qd8 34. Qe5+ Qf6 35. Qxf6# 1-0

[Event "Live Chess"]
[Site "Chess.com"]
[Date "2023.05.20"]
[Round "-"]
[White "LGC4YOU"]
[Black "LiamBellwood"]
[Result "0-1"]
[WhiteElo "1178"]
[BlackElo "2079"]
[TimeControl "300"]
[EndTime "11:09:46 PDT"]
[Termination "LiamBellwood won by checkmate"]

1. d4 e6 2. Nf3 f5 3. Bf4 Nf6 4. e3 b6 5. c4 Bb7 6. Nc3 Bb4 7. a3 Bxc3+ 8. bxc3 Ne4 9. Qc2 O-O 10. Nd2 d6 11.
Nxe4 Bxe4 12. Qd2 a5 13. f3 Bb7 14. c5 bxc5 15. Bd3 Ba6 16. O-O Bxd3 17. Qxd3 cxd4 18. cxd4 Nd7 19. Rfc1 Nb6 20. e4 fxe4 21. Qxe4 Qf6 22. Bg3 Nd5 23. Rab1 Rab8 24. Kf2 Rxb1 25. Rxb1 Nc3 26.
Qd3 Nxb1 27. Qxb1 Qxd4+ 28. Kf1 Qc4+ 29. Kg1 Rf5 30. Kh1 Rb5 31. Qa1 Qc2 32. Qf1 Rb1 33.
Be1 Qd1 34. h3 Qxe1 35. Qxe1 Rxe1+ 36. Kh2 Ra1 37. Kg3 Rxa3 38. h4 Rb3 39. Kg4 a4 40. f4 a3 41. f5 a2 42. fxe6 a1=Q 43. e7 Qe1 44. h5 Qe4+ 45. Kg5 Rb5# 0-1

[Event "Live Chess"]
[Site "Chess.com"]
[Date "2023.05.20"]
[Round "-"]
[White "Horseymobile"]
[Black "raminguy"]
[Result "0-1"]
[WhiteElo "1235"]
[BlackElo "1977"]
[TimeControl "300"]
[EndTime "11:09:48 PDT"]
[Termination "raminguy won by resignation"]

1. d4 d5 2. c4 e6 3. Nc3 a6 4. Nf3 dxc4 5. e4 b5 6. a3 Bb7 7. Be2 Nf6 8. Bg5 Be7 9. O-O Nxe4 10. Bxe7 Qxe7 11. Nxe4 Bxe4 12. Ne5 O-O 13. Bf3 Bxf3 14.
Qxf3 Nd7 15. Rfd1 Nxe5 16. dxe5 Qc5 17. Qe4 Rad8 0-1

[Event "Live Chess"]
[Site "Chess.com"]
[Date "2023.05.20"]
[Round "-"]
[White "JoeyCage"]
[Black "KuriyamaMiraiUA"]
[Result "1-0"]
[WhiteElo "2305"]
[BlackElo "684"]
[TimeControl "300"]
[EndTime "11:09:50 PDT"]
[Termination "JoeyCage won by checkmate"]

1. e4 c6 2. d4 d5 3. e5 Bf5 4. c4 Nd7 5. Nc3 e6 6. Be3 h6 7. c5 b6 8. b4 b5 9. a4 a6 10. Nge2 Be7 11. Ng3 Bh7 12. f4 g5 13.
Bd3 Bxd3 14. Qxd3 f6 15. O-O f5 16. Nxf5 exf5 17. Qxf5 Qc7 18. fxg5 hxg5 19. Qg6+ Kd8 20. axb5 cxb5 21. Qg7 Bf8 22. Qxh8 Qc6 23. Qxg8 Kc7 24. Nxd5+ Qxd5 25. Qxd5 Rd8 26. Rxa6 Nb8 27. Ra7+ Kc8 28. Qb7# 1-0

[Event "Live Chess"]
[Site "Chess.com"]
[Date "2023.05.20"]
[Round "-"]
[White "toog"]
[Black "mightysmasher"]
[Result "0-1"]
[WhiteElo "2627"]
[BlackElo "2120"]
[TimeControl "300"]
[EndTime "11:09:56 PDT"]
[Termination "mightysmasher won by resignation"]

1. e4 e6 2. Nf3 d5 3. exd5 exd5 4.
d4 Nf6 5. Bd3 Bd6 6. O-O O-O 7. h3 h6 8. Re1 Be6 9. Nbd2 Nbd7 10. Ne5 c5 11. c3 Qb6 12. Ndf3 cxd4 13. cxd4 Ne4 14. Bxe4 dxe4 15. Rxe4 Nxe5 16. dxe5 Bc5 17.
Be3 Bxe3 18. Rxe3 Qxb2 19. Qd4 Qb5 20. a4 Qa5 21. Rb1 Rfd8 22. Qc3 Qxa4 23. Rxb7 a5 24. Rb1 Rd1+ 25. Rxd1 Qxd1+ 26. Re1 Qd5 27. Ra1 a4 28.
Ra3 Qd1+ 29. Qe1 Qd7 30. Qa1 Qa7 31. Nd4 Qc5 32. Nxe6 fxe6 33. Rxa4 Rxa4 34. Qxa4 Qxe5 35. Qc2 Qf5 36. Qc4 Qb1+ 37. Kh2 Qb8+ 38. g3 Qe5 39. Qd3 Kf7 40. Qf3+ Qf5 41. Qe3 Kg8 42. h4 Kf7 43.
Qd4 Kg8 44. Kg2 Qd5+ 45. Qxd5 exd5 46. Kf3 Kf7 47. Ke3 Kf6 48. Kd4 Ke6 49. g4 g5 50.
hxg5 hxg5 51. Kd3 Ke5 52. Ke3 d4+ 53. Kd3 Kd5 54. Kd2 Ke4 55. Ke2 Kf4 56. Kd3 Ke5 57.
Ke2 Ke4 58. Kd2 Kf3 59. Kd3 Kxf2 60. Kxd4 Kf3 61. Kd3 Kxg4 62. Ke2 Kg3 63. Kf1 Kh2 64. Kf2 g4 0-1

[Event "Live Chess"]
[Site "Chess.com"]
[Date "2023.05.20"]
[Round "-"]
[White "luckywookie"]
[Black "CheckThis4"]
[Result "0-1"]
[WhiteElo "729"]
[BlackElo "2549"]
[TimeControl "300"]
[EndTime "11:09:56 PDT"]
[Termination "CheckThis4 won by checkmate"]

1. e4 d5 2. exd5 Nf6 3. Nc3 Nxd5 4. Nxd5 Qxd5 5. Nf3 Nc6 6. c3 Bg4 7. Be2 O-O-O 8. d4 e5 9. c4 Qe4 10. d5 Bxf3 11.
gxf3 Qh4 12. Be3 Bb4+ 13. Bd2 Bc5 14. Be3 Bxe3 15. Qb3 Qxf2+ 16. Kd1 Nd4 17. Re1 Nxb3 18. axb3 Bf4 19. Rf1 Qe3 20. c5 Qd2# 0-1

[Event "Live Chess"]
[Site "Chess.com"]
[Date "2023.05.20"]
[Round "-"]
[White "jagbama"]
[Black "laki79"]
[Result "0-1"]
[WhiteElo "1138"]
[BlackElo "2303"]
[TimeControl "300"]
[EndTime "11:09:57 PDT"]
[Termination "laki79 won by resignation"]

1. e4 c5 2. Bc4 e6 3. Nc3 a6 4.
a4 Nc6 5. d3 Nge7 6. Nf3 g6 7.
Be3 d5 8. exd5 exd5 9. Bxd5 Nxd5 10. Nxd5 Qxd5 11. O-O Bg7 12. Re1 O-O 13. c4 Qd6 14. Rb1 b6 15. b3 Bb7 16. Re2 Rad8 17. Ng5 Qxd3 18. Rd2 Qf5 19. Rxd8 Rxd8 20. Qc1 Nd4 21. Bxd4 Bxd4 22. Nf3 Bxf3 23. gxf3 Qxf3 24. Qg5 Bxf2+ 25.
Kf1 Bg3+ 26. Kg1 Qf2+ 0-1

[Event "Live Chess"]
[Site "Chess.com"]
[Date "2023.05.20"]
[Round "-"]
[White "WilliamofOrange16th"]
[Black "smoggyrabbit"]
[Result "1-0"]
[WhiteElo "1882"]
[BlackElo "1620"]
[TimeControl "300"]
[EndTime "11:10:05 PDT"]
[Termination "WilliamofOrange16th won on time"]

1. b3 d5 2. Bb2 c5 3. e3 Nc6 4.
Bb5 e6 5. f4 Bd7 6. Nf3 Nf6 7.
O-O Be7 8. d3 O-O 9. Nbd2 a6 10.
Bxc6 Bxc6 11. Ne5 Nd7 12. Nxc6 bxc6 13. Nf3 f6 14. c4 Qc7 15. Bc1 e5 16. f5 d4 17. e4 a5 18. Bd2 Nb6 19. g4 a4 20.
Kh1 axb3 21. axb3 Rxa1 22. Qxa1 Ra8 23. Qb2 Qa7 24. g5 Qa3 25. Rb1 Qxb2 26. Rxb2 Ra1+ 27. Kg2 Nd7 28. gxf6 Bxf6 29. b4 cxb4 30. Bxb4 Rd1 31. Rb3 c5 32. Bd2 Ra1 33. Rb7 Nf8 34. Rc7 Ra3 35.
Rxc5 Rxd3 36. Rc8 Ra3 37. Rxf8+ Kxf8 38. Bb4+ Be7 39. Bxa3 Bxa3 40. Nxe5 d3 41. Nxd3 Be7 42. c5 Bd8 43. e5 Bc7 44. Kf3 1-0

[Event "Live Chess"]
[Site "Chess.com"]
[Date "2023.05.20"]
[Round "-"]
[White "OceanFloater"]
[Black "Prijmak"]
[Result "0-1"]
[WhiteElo "979"]
[BlackElo "1054"]
[TimeControl "300"]
[EndTime "11:10:20 PDT"]
[Termination "Prijmak won by checkmate"]

1. e4 e5 2. Nf3 Nc6 3. Bc4 h6 4. d4 exd4 5. Nxd4 Bc5 6. Bxf7+ Kxf7 7. Qf3+ Nf6 8. Nf5 Ne5 9. Qb3+ d5 10. exd5 Qxd5 11. Nc3 Qxb3 12. axb3 Bxf5 13. Bf4 Rhe8 14. O-O Rac8 15. Ne2 Bxc2 16. Rac1 Bxb3 17. Rxc5 Nc6 18. Rb5 Rxe2 19. Rxb3 Re4 20. Bg3 b6 21. Ra3 a5 22. Rc3 Re6 23. Rfc1 Nd5 24. Rf3+ Ke7 25. Rd1 Nf6 26. h3 Ne4 27. Bf4 g5 28. Be3 Nf6 29.
h4 g4 30. Rf5 Re5 31. Rxe5+ Nxe5 32. Bxh6 Nc4 33. Bg5 Kf7 34. h5 Nxb2 35. Rd7+ Nxd7 36.
h6 Rg8 37. Bf4 c6 38. Kh2 Rh8 39. Kg3 Nf6 40. Kh4 b5 41. Kg5 Nd5 42. Be5 Rg8+ 43. Kf5 Nd3 44. h7 Re8 45. Bd4 c5 46. h8=Q Rxh8 47.
Bxh8 a4 48. Ke4 N3b4 49. f3 gxf3 50. gxf3 a3 51. f4 c4 52. Kd4 c3 53. Kc5 a2 54.
Bxc3 Nxc3 55. Kxb4 a1=Q 56. Kc5 Qg1+ 57. Kb4 Nd5+ 58. Kb3 Qe3+ 59. Kc2 Qc3+ 60. Kb1 b4 61. Ka2 Qc2+ 62. Ka1 b3 63. f5 Qa2# 0-1

[Event "Live Chess"]
[Site "Chess.com"]
[Date "2023.05.20"]
[Round "-"]
[White "PantherCal"]
[Black "EdenHazard8"]
[Result "1/2-1/2"]
[WhiteElo "1835"]
[BlackElo "2103"]
[TimeControl "300"]
[EndTime "11:10:34 PDT"]
[Termination "Game drawn - insufficient material"]

1. e4 e5 2. Nf3 Nc6 3. Bb5 a6 4. Bxc6 dxc6 5. d4 exd4 6. Qxd4 Qxd4 7. Nxd4 Bc5 8. Nf5 Bxf5 9. exf5 O-O-O 10. O-O Nf6 11. Nc3 Rhe8 12. Bf4 Ne4 13. Bg3 Nxg3 14. hxg3 Rd2 15. Rac1 Re5 16. Rfd1 Rxd1+ 17. Rxd1 Rxf5 18. Rd2 Re5 19. Kf1 b6 20. Ne2 Kb7 21. c3 Bd6 22. Nd4 c5 23. Nf3 Re7 24. Ng5 h6 25. Nf3 Kc6 26. b3 g5 27. c4 g4 28. Nh4 Be5 29.
Nf5 Re6 30. Ne3 h5 31. Nd5 b5 32. Re2 Bd4 33. Rxe6+ fxe6 34. Nf4 bxc4 35. bxc4 Kb6 36.
Nxe6 Ka5 37. Nxc7 Kb4 38. Nxa6+ Kxc4 39. Ke2 Kc3 40. f4 Kb2 41. a4 c4 42. Nb4 Bc5 43. Nd5 c3 44. Nxc3 Kxc3 45. a5 Kb4 46. a6 Kb5 47. f5 Kxa6 48. Kd3 Kb6 49. Ke4 Kc6 50. Ke5 Kd7 51. Kf6 Ke8 52. Kg6 Bf2 53.
Kxh5 Bxg3 54. Kxg4 Be1 55. Kg5 Kf7 56. Kf4 Kf6 57.
g4 Bd2+ 58. Ke4 Kg5 59. Ke5 Kxg4 60. f6 Bc3+ 61. Ke6 Bxf6 1/2-1/2

[Event "Live Chess"]
[Site "Chess.com"]
[Date "2023.05.20"]
[Round "-"]
[White "HD_IN4k"]
[Black "ACx04"]
[Result "1-0"]
[WhiteElo "391"]
[BlackElo "402"]
[TimeControl "300"]
[EndTime "11:10:39 PDT"]
[Termination "HD_IN4k won by checkmate"]

1. d4 d5 2. c4 dxc4 3. e4 Nc6 4. Nf3 Nxd4 5. Nxd4 c5 6. Nf3 Nf6 7. Qa4+ Bd7 8.
Qxc4 e6 9. Ne5 Bc6 10. Nxc6 bxc6 11. Be3 Qb6 12. b3 a5 13. Be2 g6 14. Nd2 O-O-O 15.
Rd1 h5 16. O-O Bd6 17. Nf3 Qb4 18. Qa6+ Kd7 19. e5 Ne8 20. Qa7+ Nc7 21. Rxd6+ Ke7 22.
Qxc7+ Rd7 23. Qxd7+ Kf8 24. Qd8+ Kg7 25. Qf6+ Kg8 26.
Rd8+ Kh7 27. Qxh8# 1-0

[Event "Live Chess"]
[Site "Chess.com"]
[Date "2023.05.20"]
[Round "-"]
[White "Driftboard"]
[Black "ranvir123"]
[Result "0-1"]
[WhiteElo "678"]
[BlackElo "889"]
[TimeControl "300"]
[EndTime "11:10:39 PDT"]
[Termination "ranvir123 won by checkmate"]

1. e4 e5 2. Nf3 Nc6 3. Nc3 Bc5 4. Bb5 d6 5. O-O Bg4 6. d3 Nf6 7. h3 Bh5 8. Bxc6+ bxc6 9. Re1 d5 10. Be3 Bxe3 11.
fxe3 dxe4 12. dxe4 O-O 13. Qxd8 Rfxd8 14. Rad1 Bxf3 15.
gxf3 Rd6 16. f4 exf4 17. exf4 Rad8 18. e5 Rxd1 19. Rxd1 Rxd1+ 20. Kg2 Rd2+ 21. Kf3 Nd5 22.
Nxd5 cxd5 23. Ke3 Rxc2 24. Kd4 Rxb2 25. Kxd5 Rxa2 26. Kc6 Rh2 27. Kxc7 Rxh3 28. Kb7 Rf3 29. Kxa7 Rxf4 30. Kb7 Re4 31. Kc6 Rxe5 32. Kd6 Re6+ 33. Kd5 Re1 34. Kd4 f5 35. Kd3 f4 36. Kd2 f3 37.
Kxe1 f2+ 38. Kxf2 Kf7 39. Kg3 Kf6 40. Kg4 g6 41. Kh4 h5 42. Kg3 Kg5 43. Kh3 Kf4 44.
Kh4 g5+ 45. Kxh5 g4 46. Kh4 Kf3 47. Kg5 g3 48. Kh4 g2 49. Kh3 g1=Q 50. Kh4 Qg4# 0-1

[Event "Live Chess"]
[Site "Chess.com"]
[Date "2023.05.20"]
[Round "-"]
[White "kerryman1969"]
[Black "ViktorTheCoolBoy"]
[Result "0-1"]
[WhiteElo "1146"]
[BlackElo "2543"]
[TimeControl "300"]
[EndTime "11:10:45 PDT"]
[Termination "ViktorTheCoolBoy won by checkmate"]

1. d4 Nf6 2. g3 d5 3. Bg2 Bf5 4.
c3 c6 5. Nf3 h6 6. Bf4 e6 7.
Nbd2 Be7 8. O-O O-O 9. Re1 Nbd7 10. e4 Nxe4 11. Nxe4 Bxe4 12. Ne5 Bxg2 13. Nxd7 Qxd7 14.
Kxg2 Bd6 15. Bxd6 Qxd6 16. f4 c5 17. dxc5 Qxc5 18. Re5 Qb6 19. Qb3 Rfd8 20. Qxb6 axb6 21. a3 d4 22. cxd4 Rxd4 23. Rc1 Rd2+ 24. Kh3 Rxb2 25. Rc7 Rxa3 26. Rxb7 Raa2 27. Kg4 Rxh2 28. Rb8+ Kh7 29.
Rxb6 Raf2 30. Ra5 g6 31. Rb7 g5 32. Rxf7+ Kg6 33. Raa7 h5# 0-1

[Event "Live Chess"]
[Site "Chess.com"]
[Date "2023.05.20"]
[Round "-"]
[White "Conradical12"]
[Black "Salpingidis"]
[Result "0-1"]
[WhiteElo "1547"]
[BlackElo "2309"]
[TimeControl "300"]
[EndTime "11:10:46 PDT"]
[Termination "Salpingidis won by resignation"]

1. e4 e6 2. d4 d5 3. Nc3 dxe4 4. Nxe4 Nd7 5. Nf3 Ngf6 6. Ng3 Be7 7. Bd3 O-O 8. c3 b6 9. Be3 Bb7 10. O-O c5 11. Qc2 cxd4 12. Bxd4 h6 13. Bxf6 Bxf6 14. Rad1 Qc7 15. Nh5 Be7 16. Qd2 Nc5 17. Bc2 Rad8 18.
Qc1 Qc6 19. b4 Ne4 20. Nd4 Qd5 21. Bb3 Qxh5 22. f3 Nf6 23. Nxe6 fxe6 24. Bxe6+ Kh8 25. Rxd8 Rxd8 26. Qe3 Qg5 27. Qe2 Rd2 28. f4 Rxe2 29. fxg5 Rxg2+ 30. Kh1 Rg3+ 0-1

[Event "Live Chess"]
[Site "Chess.com"]
[Date "2023.05.20"]
[Round "-"]
[White "Ayush_prahlad_Gupta"]
[Black "lucaskk818"]
[Result "0-1"]
[WhiteElo "1813"]
[BlackElo "1892"]
[TimeControl "300"]
[EndTime "11:10:49 PDT"]
[Termination "lucaskk818 won by checkmate"]

1. e4 c5 2. c4 d6 3. Nc3 Nf6 4. Nf3 Nc6 5. d3 g6 6. Bd2 Bg7 7. Qc1 O-O 8. h4 h5 9. Ng5 a6 10. Be2 Rb8 11. f3 b5 12. g4 hxg4 13. fxg4 Bxg4 14.
Bxg4 Nxg4 15. h5 bxc4 16. Qd1 Qd7 17. hxg6 fxg6 18. Qe2 Rf2 19. Qd1 Rxb2 20. Nf3 cxd3 21. Na4 Rbxd2 22. Nxd2 Re2+ 23. Kf1 Ne3+ 24. Kg1 Rg2# 0-1

[Event "Live Chess"]
[Site "Chess.com"]
[Date "2023.05.20"]
[Round "-"]
[White "aliciabutteriss"]
[Black "Delacorta"]
[Result "0-1"]
[WhiteElo "542"]
[BlackElo "1423"]
[TimeControl "300"]
[EndTime "11:11:04 PDT"]
[Termination "Delacorta won by resignation"]

1. e4 e6 2. d4 d5 3. Nc3 dxe4 4. Nxe4 Bd7 5. Nf3 Bc6 6. Qd3 Nd7 7. Bf4 Ngf6 8.
Nxf6+ Nxf6 9. O-O-O Ne4 10. Rg1 Nxf2 11. Qe2 Nxd1 12. Qxd1 Bd6 13. Bxd6 Qxd6 14. Kb1 O-O-O 15. Bc4 f6 16. Re1 Bd5 17. Bxd5 Qxd5 18. Qd2 e5 19. c3 exd4 20. Nxd4 c5 21. Qf4 cxd4 22. Qf5+ Qxf5+ 0-1

[Event "Live Chess"]
[Site "Chess.com"]
[Date "2023.05.20"]
[Round "-"]
[White "Albul"]
[Black "Brooms1989"]
[Result "1-0"]
[WhiteElo "2164"]
[BlackElo "1008"]
[TimeControl "300"]
[EndTime "11:11:08 PDT"]
[Termination "Albul won by resignation"]

1. e4 e5 2. Bc4 Nf6 3. Qe2 Nc6 4. Nf3 Bc5 5. d3 h6 6. c3 Bb6 7. Nbd2 O-O 8. Nf1 d6 9. h3 d5 10. Bb5 Re8 11. g4 a6 12. Ba4 dxe4 13. dxe4 Bd7 14. Ng3 g6 15. Bxh6 Be6 16. Bg5 Qe7 17. O-O Na5 18.
Bxe8 Bc4 19. Bxf7+ Kxf7 20. Qc2 Bxf1 21. Rxf1 Rd8 22. Rd1 Rxd1+ 23. Qxd1 Qc5 24. Be3 Qc4 25. Nxe5+ 1-0

[Event "Live Chess"]
[Site "Chess.com"]
[Date "2023.05.20"]
[Round "-"]
[White "DarthCalzone"]
[Black "Andysav3"]
[Result "0-1"]
[WhiteElo "938"]
[BlackElo "1693"]
[TimeControl "300"]
[EndTime "11:11:11 PDT"]
[Termination "Andysav3 won by resignation"]

1. e4 Nf6 2. e5 Nd5 3. d4 d6 4.
exd6 cxd6 5. Nf3 Bg4 6. Be2 e6 7. h3 Bh5 8. O-O Be7 9. Nh2 Bg6 10. c3 O-O 11. Bd3 Nc6 12. Bxg6 hxg6 13. Na3 e5 0-1

[Event "Live Chess"]
[Site "Chess.com"]
[Date "2023.05.20"]
[Round "-"]
[White "Geomorph"]
[Black "garyjc"]
[Result "1-0"]
[WhiteElo "1219"]
[BlackElo "1037"]
[TimeControl "300"]
[EndTime "11:11:13 PDT"]
[Termination "Geomorph won by resignation"]

1. e4 c5 2. Nf3 d6 3. d4 cxd4 4. Qxd4 Nc6 5. Bb5 Bd7 6. Bxc6 Bxc6 7. Nc3 Nf6 8. Bg5 Qb6 9. Bxf6 Qxd4 10. Bxd4 e6 11.
O-O-O Rg8 12. Rhe1 O-O-O 13. Bxa7 Rd7 14. Nd4 d5 15. Nxc6 bxc6 16. Be3 Bd6 17. exd5 cxd5 18. h3 Bb4 19. Bd4 Bxc3 20. Bxc3 Kd8 21. a4 Ke7 22. a5 Ra8 23. b4 Rc7 24. Kb2 Kd6 25. Bxg7 Rac8 26.
Be5+ Kd7 27. Bxc7 Kxc7 1-0

[Event "Live Chess"]
[Site "Chess.com"]
[Date "2023.05.20"]
[Round "-"]
[White "MarkLim1"]
[Black "JanMur7"]
[Result "0-1"]
[WhiteElo "1619"]
[BlackElo "1975"]
[TimeControl "300"]
[EndTime "11:11:13 PDT"]
[Termination "JanMur7 won by resignation"]

1. d4 Nf6 2. Nf3 e6 3. e3 c5 4.
Bd3 b6 5. c4 Bb7 6. O-O Be7 7.
Nc3 O-O 8. d5 d6 9. e4 e5 10. Ng5 Ne8 11. Qh5 h6 12. Nf3 Nd7 13. Bxh6 gxh6 14. Qxh6 Ng7 15. Nb5 Nf6 16. Nd2 a6 17.
Nc3 Ng4 18. Qh3 Bc8 19. f4 exf4 20. Rxf4 Ne5 21. Qg3 Bg5 22. Rf2 Bh4 23. Qe3 Bxf2+ 24. Kxf2 Ng4+ 0-1

[Event "Live Chess"]
[Site "Chess.com"]
[Date "2023.05.20"]
[Round "-"]
[White "zdanevych"]
[Black "LL220284LL"]
[Result "0-1"]
[WhiteElo "1545"]
[BlackElo "2386"]
[TimeControl "300"]
[EndTime "11:11:14 PDT"]
[Termination "LL220284LL won by resignation"]

1. d4 c6 2. c4 d6 3. e4 Nf6 4.
Nc3 e5 5. d5 Be7 6. h3 O-O 7. Nf3 Ne8 8. Bd3 f5 9. exf5 Bxf5 10.
Bxf5 Rxf5 11. Ne4 Nd7 12. O-O Rf8 13. Be3 h6 14. Qb3 Qc7 15. Qd3 Nef6 16. b3 Nxe4 17. Qxe4 Nf6 18. Qc2 cxd5 19. Rac1 d4 20. Bd2 Rac8 21.
Rfd1 d5 22. cxd5 Qxc2 0-1

[Event "Live Chess"]
[Site "Chess.com"]
[Date "2023.05.20"]
[Round "-"]
[White "Missedidea"]
[Black "stevegleds"]
[Result "1-0"]
[WhiteElo "1612"]
[BlackElo "614"]
[TimeControl "300"]
[EndTime "11:11:39 PDT"]
[Termination "Missedidea won by resignation"]

1. d4 d5 2. c4 dxc4 3. e3 e6 4. Bxc4 Nf6 5. Nf3 Nc6 6. O-O Ne4 7. Nc3 Nxc3 8. bxc3 Bd6 9. e4 e5 10. Be3 O-O 11.
Qc2 Bg4 12. Be2 Bxf3 13. Bxf3 exd4 14. cxd4 Qd7 15. e5 Bb4 16. Rfd1 Na5 17. Be4 g6 18. d5 Rfe8 19. Bd4 Qb5 20. Rab1 b6 21. a3 Qc4 22. axb4 Qxc2 23. Bxc2 Nc4 24. f4 f6 25.
e6 f5 26. Bb3 Na3 27. Rb2 Rad8 28. Bf6 Rd6 29. Be5 c5 30. Bxd6 1-0

[Event "Live Chess"]
[Site "Chess.com"]
[Date "2023.05.20"]
[Round "-"]
[White "Pablo_dmp"]
[Black "wadsy27"]
[Result "0-1"]
[WhiteElo "1864"]
[BlackElo "2588"]
[TimeControl "300"]
[EndTime "11:11:41 PDT"]
[Termination "wadsy27 won by resignation"]

1. e4 c5 2. a3 d5 3. exd5 Qxd5 4. Nc3 Qd8 5. Nf3 Nf6 6. Bc4 e6 7. O-O Be7 8. d3 O-O 9. Bg5 b6 10. Qe2 Bb7 11. Rfe1 h6 12. Bf4 Nc6 13. Ne5 Nd4 14. Qd2 Kh7 15. Re3 Nh5 16. Rh3 Nxf4 17. Qxf4 Bg5 18. Qg4 f6 19. Nf3 Nxf3+ 20. gxf3 f5 21. Qg3 Rf6 22. Qxg5 Rg6 23. Qxg6+ Kxg6 24. Bxe6 f4 25. Bg4 Qe7 26. Ne4 Bxe4 27. fxe4 Rf8 28.
f3 Qe5 29. c3 Kh7 30. Rh5 Qe7 31. Rf5 Rxf5 32. Bxf5+ g6 33. Bh3 Qg5+ 34. Kf2 Qh4+ 35. Kg2 Kg7 36. b4 h5 37. Be6 Kf6 38. Bd5 g5 39.
bxc5 g4 40. Rb1 Qh3+ 41. Kf2 Qxh2+ 42. Ke1 Qh1+ 43. Kd2 Qxb1 0-1

[Event "Live Chess"]
[Site "Chess.com"]
[Date "2023.05.20"]
[Round "-"]
[White "TobyQuaite"]
[Black "LaupMiths"]
[Result "0-1"]
[WhiteElo "1695"]
[BlackElo "1834"]
[TimeControl "300"]
[EndTime "11:11:48 PDT"]
[Termination "LaupMiths won on time"]

1. e4 c5 2. Nf3 e6 3. c3 Nf6 4. Bd3 Nc6 5. Bc2 d6 6. d4 cxd4 7. cxd4 Be7 8. Nc3 O-O 9. a3 Qb6 10. O-O e5 11. d5 Nd4 12. Nxd4 exd4 13. Ne2 Bg4 14. Kh1 Rac8 15. f3 Bd7 16. Nxd4 Bb5 17. Nxb5 Qxb5 18. Qd3 Qxd3 19. Bxd3 Nd7 20. Be3 a6 21.
Rac1 Bf6 22. b4 Bb2 23. Rxc8 Rxc8 24. a4 Rc3 25. Bd4 Rxd3 26. Bxb2 Rb3 27. Ba1 Rxb4 28.
Rc1 f6 29. h3 Kf7 30. Rc7 Ke7 31. Bc3 Rb3 32. Rc4 Kd8 33. Bb4 Ne5 34. Rd4 Rb1+ 35. Kh2 Rb2 36. Kg3 Kd7 37. f4 Nf7 38. Bd2 b5 39. axb5 axb5 40. f5 Ne5 41. Bf4 Rb3+ 42.
Kh2 Nd3 43. Bd2 Ra3 44. Bb4 Rb3 45. Bd2 Nc5 46. Bb4 Nb7 47. Be1 Re3 48. Bf2 Re2 49.
Kg3 Nc5 50. Kf3 Rb2 51. Rd1 Na6 52. Rc1 b4 53. Rc6 Ra2 54. Bb6 b3 55. Bd4 Ra4 56. g4 Rxd4 57. Rxa6 Rb4 0-1

[Event "Live Chess"]
[Site "Chess.com"]
[Date "2023.05.20"]
[Round "-"]
[White "gmnorfolk"]
[Black "mliszewski"]
[Result "1-0"]
[WhiteElo "2154"]
[BlackElo "1902"]
[TimeControl "300"]
[EndTime "11:11:54 PDT"]
[Termination "gmnorfolk won by resignation"]

1. d4 d5 2. c4 e5 3. dxe5 d4 4.
Nf3 Nc6 5. Nbd2 f6 6. exf6 Nxf6 7. g3 Be6 8. Bg2 Qd7 9. a3 Bd6 10. b4 Ne5 11. Nxe5 Bxe5 12. Bxb7 Rb8 13. Bg2 O-O 14. Nf3 Bxc4 15. Nxe5 Qe6 16. Nxc4 Qxc4 17. O-O Rfe8 18. Qd3 Qe6 19. Qxd4 Qxe2 20. Be3 Qh5 21. h3 Rbd8 22.
Qh4 Qe5 23. Bxa7 Rd2 24. Qc4+ Kh8 25. Be3 Rb2 26. Bd4 1-0

[Event "Live Chess"]
[Site "Chess.com"]
[Date "2023.05.20"]
[Round "-"]
[White "Jeffaroow"]
[Black "Tushinskiy"]
[Result "0-1"]
[WhiteElo "460"]
[BlackElo "2108"]
[TimeControl "300"]
[EndTime "11:12:08 PDT"]
[Termination "Tushinskiy won by resignation"]

1. e4 e5 2. Nf3 d6 3. d4 Bg4 4. dxe5 Nd7 5. exd6 Bxd6 6. Nc3 Qe7 7.
Bd3 Ngf6 8. O-O O-O-O 9. h3 Bh5 10. Re1 Ne5 11. Nxe5 Bxe5 12. f3 h6 13. g4 Bg6 14. f4 Bd4+ 15. Kf1 Bxc3 16. bxc3 Bxe4 17. Rxe4 Nxe4 18. Qf3 Rhe8 19. Bxe4 Qxe4 20. Qg2 Rd1+ 21. Kf2 Qxg2+ 22. Kxg2 Ree1 0-1

[Event "Live Chess"]
[Site "Chess.com"]
[Date "2023.05.20"]
[Round "-"]
[White "Davidagye"]
[Black "GMHarry-youtube"]
[Result "1-0"]
[WhiteElo "1679"]
[BlackElo "2112"]
[TimeControl "300"]
[EndTime "11:12:14 PDT"]
[Termination "Davidagye won by checkmate"]

1. b4 c6 2. Bb2 Qb6 3. a3 a5 4. c3 axb4 5. cxb4 Nf6 6. d4 d5 7. e3 e6 8. Nf3 Na6 9. Bd3 Nc7 10. O-O h6 11. Qd2 g5 12. Nc3 Bd6 13.
Rfe1 Na6 14. h3 Qc7 15. e4 Bf4 16. Qe2 O-O 17. e5 Nh5 18. Nxg5 Ng3 19. fxg3 Bxg5 20. h4 Be7 21. Qh5 Kg7 22. Bc1 Rh8 23. Rf1 Bd8 24.
Rxf7+ Qxf7 25. Qg4+ Kf8 26. Be3 Nxb4 27. Rf1 Nxd3 28.
Rxf7+ Kxf7 29. Bd2 Rg8 30. Qf3+ Ke8 31. Qxd3 Rxa3 32.
Qf3 b5 33. Qh5+ Ke7 34. Ne2 Ba5 35. Bxh6 b4 36. Bg5+ Kf8 37. Nf4 b3 38. Qh7 Bb4 39.
Ng6+ Rxg6 40. Qxg6 Be7 41. Bxe7+ Kxe7 42. Qf6+ Kd7 43.
Qf7+ Kd8 44. Qf8+ Kc7 45. Qxa3 c5 46. Qxc5+ Kd7 47. Qb5+ Kd8 48. Qxb3 Bd7 49. Qb6+ Kc8 50. Qd6 Kd8 51. h5 Ke8 52. h6 Bb5 53. h7 Bf1 54.
h8=R+ Kf7 55. Qf8+ Kg6 56. Rh6+ Kg5 57. Qf6+ Kg4 58.
Rh4+ Kxg3 59. Qf4# 1-0

[Event "Live Chess"]
[Site "Chess.com"]
[Date "2023.05.20"]
[Round "-"]
[White "AbilifyXL"]
[Black "WelshTiger"]
[Result "0-1"]
[WhiteElo "1951"]
[BlackElo "2431"]
[TimeControl "300"]
[EndTime "11:12:22 PDT"]
[Termination "WelshTiger won by resignation"]

1. d4 d5 2. c4 e6 3. Nc3 c5 4. cxd5 exd5 5. Nf3 Nc6 6. Bg5 f6 7. Bf4 c4 8. e3 Bb4 9. Be2 Nge7 10. O-O O-O 11. a3 Bd6 12. Bg3 Rb8 13. b3 b5 14. bxc4 bxc4 15. Na4 Na5 16. Bxd6 Qxd6 17. Nc5 Nb3 18. Nxb3 Rxb3 19. Nd2 Rb6 20. Bf3 Bf5 21. Re1 Rfb8 22. e4 Bxe4 23. Bxe4 c3 24. Bxh7+ Kxh7 25. Qc2+ Kg8 26. Qxc3 Nf5 27. Nf3 Rb3 28. Qc2 Rxf3 29. gxf3 Nh4 30. Re3 Qf4 31. Rae1 Nxf3+ 32. Rxf3 Qxf3 33. Re3 Qg4+ 34. Rg3 Qxd4 35. Qg6 f5 36. Qxf5 Re8 37. Rf3 Qf6 38. Qxd5+ Qe6 39. Qxe6+ Rxe6 40. Kg2 Re4 41. h3 Re5 42. Re3 Rd5 43. f4 Rd2+ 44. Kf3 Kf7 45. Rb3 Rd7 46. a4 Kf6 47. a5 Rd5 48. Ra3 Rb5 49. a6 g6 50. Kg4 Rb1 51. Rd3 Rb6 52. Ra3 Rb1 53. h4 Rg1+ 54. Kf3 Rh1 55. Kg3 Rg1+ 56. Kh3 Rf1 57. Rb3 Rxf4 58.
Rb7 Ra4 59. Rxa7 Kf5 60. Rf7+ Ke6 61. Rg7 Kf6 62. Ra7 Kf5 63. Ra8 Ra3+ 64. Kg2 Kg4 65. Rg8 Rxa6 66. h5 Kxh5 67. Kg3 Kg5 68. Rc8 Ra3+ 69. Kf2 Kg4 70. Rc4+ Kh5 71. Kg2 g5 72. Rb4 g4 73. Rb5+ Kh4 74. Rb8 Ra2+ 75. Kg1 Kh3 76. Rh8+ Kg3 77. Kf1 Ra1+ 78. Ke2 Kg2 79.
Rg8 g3 80. Ke3 Ra7 81. Ke2 Re7+ 82. Kd2 Re5 83. Kd3 Kf2 84. Rf8+ Kg1 85. Rg8 g2 86.
Kd2 Kf2 87. Rf8+ Kg3 88. Rg8+ Kf3 89. Rf8+ Kg4 90. Rg8+ Rg5 91. Re8 g1=Q 92. Re2 Qd4+ 93. Ke1 Ra5 94. Rg2+ Kf3 95. Rg3+ Kxg3 96. Ke2 Ra2+ 0-1